 Dungeon Crawl Stone Soup version 0.25-a0-731-g0472a16d6a (webtiles) character file.

Game seed: 4808198360570414977, levelgen mode: deterministic

1059799 Maedhros the Bringer of Law (level 27, -1/185 (195) HPs)
             Began as an Octopode Artificer on Apr 8, 2020.
             Was the Champion of Zin.
             Slain by a tentacled monstrosity (4 damage)
             ... summoned by Mnoleg
             ... while paralysed by an eldritch tentacle
             ... in Pandemonium.
             The game lasted 05:26:25 (113796 turns).

Maedhros the Bringer of Law (Octopode Artificer)  Turns: 113796, Time: 05:26:26

HP:   -1/185 (195)  AC:  6    Str: 30      XL:     27
MP:   0/48          EV: -1    Int: 36 (37) God:    Zin [******]
Gold: 6011          SH:  0    Dex: 45      Spells: 11/68 levels left

rFire    + + +     SeeInvis +   U - +3 Elemental Staff {rElec rF++ rC++ MR++ AC+5}
rCold    + + .     Gourm    .   q - +6 tower shield {reflect}
rNeg     + . .     Faith    .   h - +0 mask of the Dragon {MR+ Slay+3 SInv}
rPois    ∞         Spirit   +   k - amulet of guardian spirit
rElec    +         Reflect  +   m - ring of Untruth {rF+ MP-9 EV+5 Int+2 Dex+7}
rCorr    .         Harm     .   K - ring of the Ageless Coins {*Contam rC+ MP+9 Int+6 Stlth+}
MR       +++++                  v - +4 ring of evasion
Stlth    ++++++++++             E - ring of wizardry
HPRegen  0.40/turn              c - ring of Starshine {Fire rPois Str+2 Slay+5}
MPRegen  0.31/turn              w - ring "Paokhluo" {+Inv Str+3 Int+4 Dex+4}
                                W - ring "Taduut" {rN+ MR+ Int+3}
                                o - ring of Diathe Nuts {Str-2 Dex+2 Slay+6 SInv Stlth+}

@: paralysed, vitalised, constricted, lightly drained, deflect missiles
A: almost no armour, stealthy swim, amphibious, 8 rings, constrict 8, tentacle
spike 1, camouflage 1, agile 1, blink, blurry vision 1, poison resistance,
strong 1, gelatinous body 1
}: 9/15 runes: decaying, slimy, silver, bone, abyssal, magical, fiery, dark,
gossamer
a: Blink, Recite, Vitalisation, Imprison, Sanctuary, Donate Gold, Renounce
Religion, Evoke Invisibility


You were in Pandemonium.
You worshipped Zin.
Zin was exalted by your worship.
You were very hungry.

You visited 15 branches of the dungeon, and saw 67 of its levels.
You visited Pandemonium 1 time, and saw 16 of its levels.
You visited the Abyss 1 time.
You also visited: Gauntlet, Ice Cave and Wizlab.

You collected 13393 gold pieces.
You spent 3297 gold pieces at shops.
You donated 4085 gold pieces to Zin.

Inventory:

Hand Weapons
 S - a +5 vorpal fustibalus
 U - the +3 Elemental Staff (weapon) {rElec rF++ rC++ MR++ AC+5}
   (You acquired it on level 15 of the Dungeon)

   It affects your AC (+5).
   It greatly protects you from fire.
   It greatly protects you from cold.
   It insulates you from electricity.
   It affects your resistance to hostile enchantments.
Missiles
 r - 463 sling bullets (quivered)
Armour
 h - the +0 mask of the Dragon (worn) {MR+ Slay+3 SInv}
   (You acquired it in Pandemonium)

   It affects your accuracy and damage with ranged weapons and melee attacks
   (+3).
   It affects your resistance to hostile enchantments.
   It lets you see invisible.
 q - a +6 tower shield of reflection (worn)
 O - the +2 hood of the Assassin {Detection Stab+ Stlth++}
   (You found it on level 3 of the Elven Halls)

   It makes you much more stealthy.
Jewellery
 c - the ring of Starshine (on tentacle) {Fire rPois Str+2 Slay+5}
   (You bought it in a shop on level 2 of the Orcish Mines)

   [ring of fire]

   It enhances your fire magic.
   It affects your strength (+2).
   It affects your accuracy and damage with ranged weapons and melee attacks
   (+5).
   It protects you from fire.
   It makes you vulnerable to cold.
   It protects you from poison.
 k - an amulet of guardian spirit (around mantle)
 m - the ring of Untruth (left tentacle) {rF+ MP-9 EV+5 Int+2 Dex+7}
   (You found it on level 5 of the Pits of Slime)

   [ring of evasion]

   It affects your evasion (+5).
   It affects your intelligence (+2).
   It affects your dexterity (+7).
   It protects you from fire.
   It affects your magic capacity (-9).
 o - the ring of Diathe Nuts (on tentacle) {Str-2 Dex+2 Slay+6 SInv Stlth+}
   (You acquired it on level 3 of the Abyss)

   [ring of see invisible]

   It affects your strength (-2).
   It affects your dexterity (+2).
   It affects your accuracy and damage with ranged weapons and melee attacks
   (+6).
   It lets you see invisible.
   It makes you more stealthy.
 v - a +4 ring of evasion (on tentacle)
 w - the ring "Paokhluo" (on tentacle) {+Inv Str+3 Int+4 Dex+4}
   (You acquired it on level 2 of the Lair of Beasts)

   [ring of strength]

   It affects your strength (+3).
   It affects your intelligence (+4).
   It affects your dexterity (+4).
   It lets you turn invisible.
 E - a ring of wizardry (on tentacle)
 K - the ring of the Ageless Coins (right tentacle) {*Contam rC+ MP+9 Int+6 Stlth+}
   (You found it on level 5 of the Vaults)

   [ring of intelligence]

   It affects your intelligence (+6).
   It protects you from cold.
   It affects your magic capacity (+9).
   It causes magical contamination when unequipped.
   It makes you more stealthy.
 W - the ring "Taduut" (on tentacle) {rN+ MR+ Int+3}
   (You took it off a skeletal warrior on level 7 of Tartarus)

   [ring of positive energy]

   It affects your intelligence (+3).
   It protects you from negative energy.
   It affects your resistance to hostile enchantments.
Wands
 b - a wand of scattershot (21)
 l - a wand of acid (17)
 n - a wand of enslavement (11)
 s - a wand of disintegration (24)
 x - a wand of iceblast (10)
 B - a wand of paralysis (16)
 N - a wand of flame (14)
 P - a wand of digging (3)
Scrolls
 g - 2 scrolls of summoning
 j - 8 scrolls of blinking
 p - a scroll of holy word
 t - 7 scrolls of immolation
 u - 7 scrolls of fear
 y - 4 scrolls of amnesia
 G - 11 scrolls of fog
 H - 27 scrolls of teleportation
 Q - 32 scrolls of identify
 V - 4 scrolls of magic mapping
Potions
 a - 5 potions of cancellation
 d - 4 potions of invisibility
 z - 6 potions of ambrosia
 A - 9 potions of resistance
 C - 4 potions of heal wounds
 D - 7 potions of brilliance
 I - 5 potions of flight
 J - 15 potions of haste
 M - 6 potions of magic
 R - 5 potions of berserk rage
 T - 3 potions of stabbing
 X - 15 potions of curing
 Y - 4 potions of might
 Z - a potion of mutation
Miscellaneous
 e - 5 phantom mirrors
 F - a phial of floods
 L - a lightning rod (4/4)
Comestibles
 f - 71 rations


   Skills:
 - Level 18.1(17.4) Fighting
   Level 1.0(0.5) Short Blades
 - Level 16.5(15.9) Staves
 - Level 12.0(11.4) Slings
 - Level 17.0(16.3) Dodging
 - Level 18.5(17.8) Stealth
 + Level 23.3(22.6) Shields
 - Level 21.0(20.2) Spellcasting
 - Level 11.1(10.5) Conjurations
 - Level 12.0(11.4) Summonings
 - Level 8.7(8.2) Translocations
 - Level 10.2(9.6) Transmutations
 - Level 24.0(23.2) Air Magic
   Level 12.0(11.4) Earth Magic
 - Level 9.0(8.4) Poison Magic
 - Level 25.1(24.3) Invocations
 - Level 8.8(8.3) Evocations


You had 11 spell levels left.
You knew the following spells:

 Your Spells              Type           Power        Failure   Level  Hunger
a - Spellforged Servitor  Conj/Summ      #######...   4%          7    None
b - Portal Projectile     Hex/Tloc       ######       1%          3    None
c - Summon Lightning Spi  Summ/Air       ########     0%          4    None
d - Tornado               Air            ########..   3%          9    #####..
e - Deflect Missiles      Chrm/Air       ########..   1%          6    None
f - Summon Forest         Summ/Tloc      #######...   1%          5    None
g - Apportation           Tloc           ######       1%          1    None
h - Ignite Poison         Fire/Tmut/Pois ########     1%          3    None
i - Freezing Cloud        Conj/Ice/Air   ########..   1%          6    None
j - Eringya's Noxious Bo  Tmut/Pois      #######...   1%          6    None
k - Monstrous Menagerie   Summ           #######...   3%          7    None

Your spell library contained the following spells:

 Spells                   Type           Power        Failure   Level  Hunger
 Beastly Appendage        Tmut           ######       0%          1    None
 Magic Dart               Conj           ####         0%          1    None
 Sandblast                Erth           ######       0%          1    None
 Summon Butterflies       Summ           #######.     0%          1    None
 Summon Small Mammal      Summ           ####         0%          1    None
 Call Imp                 Summ           #######.     0%          2    None
 Corpse Rot               Necr/Air       N/A          0%          2    None
 Passwall                 Tmut/Erth      ########     0%          2    None
 Poisonous Vapours        Pois/Air       ######       0%          2    None
 Searing Ray              Conj           ######       0%          2    None
 Mephitic Cloud           Conj/Pois/Air  ########     0%          3    None
 Static Discharge         Conj/Air       ########     0%          3    None
 Airstrike                Air            ########..   0%          4    None
 Animate Skeleton         Necr           N/A          1%          1    None
 Corona                   Hex            #####..      1%          1    None
 Foxfire                  Conj/Fire      ####         1%          1    None
 Freeze                   Ice            ####         1%          1    None
 Infusion                 Chrm           ####         1%          1    None
 Sting                    Tmut/Pois      ####         1%          1    None
 Blink                    Tloc           N/A          1%          2    None
 Ensorcelled Hibernation  Hex/Ice        ######       1%          2    None
 Shroud of Golubria       Chrm/Tloc      ######       1%          2    None
 Slow                     Hex            #####...     1%          2    None
 Song of Slaying          Chrm           #####...     1%          2    None
 Sticks to Snakes         Tmut           #######.     1%          2    None
 Sublimation of Blood     Necr           #####.....   1%          2    None
 Call Canine Familiar     Summ           #######.     1%          3    None
 Confusing Touch          Hex            #####...     1%          3    None
 Conjure Flame            Conj/Fire      ########     1%          3    None
 Dazzling Flash           Conj/Hex       ######       1%          3    None
 Gell's Gravitas          Tloc           #######...   1%          3    None
 Inner Flame              Hex/Fire       ######..     1%          3    None
 Ozocubu's Armour         Chrm/Ice       ######..     1%          3    None
 Recall                   Summ/Tloc      N/A          1%          3    None
 Spectral Weapon          Hex/Chrm       #####...     1%          3    None
 Spider Form              Tmut/Pois      #######...   1%          3    None
 Stone Arrow              Conj/Erth      ######       1%          3    None
 Summon Guardian Golem    Hex/Summ       ######..     1%          3    None
 Fulminant Prism          Conj/Hex       ######....   1%          4    None
 Ice Form                 Ice/Tmut       #######.     1%          4    None
 Iskenderun's Mystic Bla  Conj/Tloc      #######.     1%          4    None
 Leda's Liquefaction      Hex/Erth       #######...   1%          4    None
 Olgreb's Toxic Radiance  Pois           #######.     1%          4    None
 Petrify                  Tmut/Erth      ########     1%          4    None
 Sticky Flame             Conj/Fire      ########     1%          4    None
 Summon Ice Beast         Ice/Summ       #######.     1%          4    None
 Alistair's Intoxication  Tmut/Pois      #######.     1%          5    None
 Blade Hands              Tmut           #######...   1%          5    None
 Bolt of Magma            Conj/Fire/Erth ########..   1%          5    None
 Borgnjor's Vile Clutch   Necr/Erth      #######...   1%          5    None
 Fireball                 Conj/Fire      ########..   1%          5    None
 Irradiate                Conj/Tmut      #######...   1%          5    None
 Iskenderun's Battlesphe  Conj/Chrm      ######..     1%          5    None
 Lightning Bolt           Conj/Air       ########..   1%          5    None
 Silence                  Hex/Air        ########..   1%          5    None
 Summon Demon             Summ           #######...   1%          5    None
 Summon Mana Viper        Hex/Summ       ######..     1%          5    None
 Yara's Violent Unravell  Hex/Tmut       ######....   1%          5    None
 Conjure Ball Lightning   Conj/Air       ########..   1%          6    None
 Hydra Form               Tmut           #######...   1%          6    None
 Iron Shot                Conj/Erth      ########..   1%          6    None
 Shadow Creatures         Summ           N/A          1%          6    None
 Statue Form              Tmut/Erth      ########.    1%          6    None
 Dispersal                Tloc           #######...   2%          6    None
 Summon Greater Demon     Summ           #######...   3%          7    None
 Summon Hydra             Summ           #######...   3%          7    None
 Animate Dead             Necr           N/A          4%          4    None
 Cause Fear               Hex            #####.....   4%          4    None
 Dispel Undead            Necr           #####...     4%          4    None
 Orb of Destruction       Conj           #######...   5%          7    None
 Malign Gateway           Summ/Tloc      #######...   7%          7    None
 Dragon Form              Tmut           #######...   8%          7    None
 Bolt of Fire             Conj/Fire      ########..   9%          6    None
 Starburst                Conj/Fire      ########..   9%          6    None
 Agony                    Necr           #####...     12%         5    None
 Excruciating Wounds      Chrm/Necr      #####.....   12%         5    None
 Metabolic Englaciation   Hex/Ice        ######....   12%         5    None
 Summon Horrible Things   Summ           #######...   26%         8    ####...
 Haunt                    Necr/Summ      ######....   32%         7    None
 Darkness                 Hex            #####.....   52%         6    None
 Ozocubu's Refrigeration  Ice            ######....   52%         6    None
 Simulacrum               Ice/Necr       ######....   52%         6    None
 Controlled Blink         Tloc           N/A          65%         8    ####...
 Disjunction              Tloc           #######...   65%         8    ####...
 Ring of Flames           Chrm/Fire      ######....   97%         7    None
 Necromutation            Tmut/Necr      ######....   98%         8    ####...
 Dragon's Call            Summ           #######...   98%         9    #####..
 Shatter                  Erth           ########..   98%         9    #####..
 Borgnjor's Revivificati  Necr           #####.....   100%        8    ####...
 Death's Door             Chrm/Necr      #####.....   100%        8    ####...
 Discord                  Hex            #####.....   100%        8    ####...
 Ignition                 Fire           ######....   100%        8    ####...
 Infestation              Necr           #####.....   100%        8    ####...


Dungeon Overview and Level Annotations

Branches:
Dungeon (15/15)            Temple (1/1) D:7            Lair (6/6) D:9
  Swamp (4/4) Lair:3       Spider (4/4) Lair:4        Slime (5/5) Lair:6
    Orc (2/2) D:11            Elf (3/3) Orc:2        Vaults (5/5) D:13
  Crypt (3/3) Vaults:3       Tomb (0/3) Crypt:3      Depths (5/5) D:15
   Hell (visited)             Dis (0/7) Hell            Geh (2/7) Hell
    Coc (0/7) Hell            Tar (7/7) Hell            Zot (4/5) Depths:5
  IceCv (visited)          WizLab (visited)         Gauntlet (visited)

Altars:
Ashenzari
Cheibriados
Dithmenos
Elyvilon
Fedhas
Gozag
Hepliaklqana
Kikubaaqudgha
Makhleb
Nemelex Xobeh
Okawaru
Qazlal
Ru
Sif Muna
Trog
Uskayaw
Vehumet
Wu Jian
Xom
Yredelemnul
Zin
The Shining One
Jiyva

Shops:
D:7 :([   D:11 ([   Orc:2 [=!*   Vaults:3 [   Depths:3 (   Depths:5 }%(=:

Portals:
Hell: Depths:1 Depths:2 Depths:3 Depths:4 Depths:5
Abyss: Depths:3 Depths:4
Pandemonium: Depths:3
Ziggurat: Depths:3
Trove: D:12 (give 18 potions of curing)

Annotations:
D:3 1 runed translucent door, anet's ghost, amateur GnWn
D:6 2 transporters
Pan Mnoleg


Innate Abilities, Weirdness & Mutations

You cannot wear most types of armour.
You are very stealthy in the water. (Stealth+)
You are amphibious.
You can wear up to eight rings at the same time.
You can use your tentacles to constrict eight enemies at once.
Your skin changes colour to match your surroundings (Stealth+).
Your rubbery body absorbs attacks. (AC +1, EV +1)
One of your tentacles bears a spike.
You are agile. (Dex +2)
You can translocate small distances at will.
Scrolls take you a little longer to read.
Your system is resistant to poisons. (rPois)
Your muscles are strong. (Str +2)


Message History

* * * LOW HITPOINT WARNING * * *
The tentacled monstrosity grabs you.
* * * LOW HITPOINT WARNING * * *
The tentacled monstrosity constricts you!
The eldritch tentacle slaps you!
* * * LOW HITPOINT WARNING * * *
The eldritch tentacle shocks you! You resist.
* * * LOW HITPOINT WARNING * * *
The eldritch tentacle claws you!
* * * LOW HITPOINT WARNING * * *
The eldritch tentacle shocks you. You resist.
* * * LOW HITPOINT WARNING * * *
A large abomination comes into view.
The large abomination hits you!
* * * LOW HITPOINT WARNING * * *
The tentacled monstrosity tentacle-slaps you!
* * * LOW HITPOINT WARNING * * *
The tentacled monstrosity tentacle-slaps you but does no damage.
The tentacled monstrosity tentacle-slaps you.
You die...

.***,,****,,#.....#..####..#**,,,
.***,,,,**,G#.....#..##....#**,,,
**,*,,,,,.,.........†......#,**,,
*,,,,,,,,...........†.......,,*,,
,,,,,,*♣#♣♣.♣♣♣..♣#^.♣###!..,,,,,
,,*****,.♣..♣.....#†.†..###**,,,,
,**,*,,,............♣.....#,**,,,
,*,*,,,,..♣...♣...♣........#,*,,,
,**,*,,...(....X@.........#.**,,,
,,*♣♣**..♣..#..wX.♣.....###**,,,,
,,,...♣###..♣♣<.X♣♣..♣###,,,,,,,,
*,,..........♣X*.......,,,,,,,***
**,♣....♣....X≈.&♣......,,,*,**
***,,,.♣♣..♣.≈.XX♣..♣#..,,***
###*,,**#♣..♣≈≈≈X.♣..####,,**
..#,,,* #...♣≈≈≈≈≈#.♣.# *,,,*
..##,*♣##...♣♣♣≈≈♣♣...###*,******


You could see Mnoleg, 2 tentacled monstrosities, an eldritch tentacle and 6
large abominations.

Vanquished Creatures
  Cerebov (Pan)
  the Royal Jelly (Slime:5)
  Ereshkigal (Tar:7)
  Gloorx Vloq (Pan)
  Lom Lobon (Pan)
  8 pandemonium lords (Pan)
  An orb of fire (Zot:4)
  Mara (Swamp:3)
  Mennas (Pan)
  2 ancient liches
  A juggernaut (Depths:3)
  Boris (Depths:5)
  Frederick (Vaults:4)
  Bai Suzhen (Vaults:3)
  A curse toe (Depths:5)
  Geryon (Hell)
  2 caustic shrikes (Depths:3)
  10 golden dragons
  8 bone dragons
  Jory (Vaults:3)
  The ghost of Simojuej the Divine Blade, an adept DgGl (Depths:4)
  31 Tzitzimimeh
  A hellephant (Abyss:2)
  8 doom hounds
  6 Brimstone Fiends (Pan)
  An electric golem (Zot:3)
  11 tentacled monstrosities
  12 liches
  6 titans
  6 Ice Fiends
  3 quicksilver dragons
  31 acid blobs
  A deep elf blademaster (Elf:3)
  A deep elf master archer (Elf:3)
  23 Executioners
  6 sphinxes
  6 death cobs
  3 thorn hunters
  Frances (D:13)
  11 tentacled starspawn
  10 storm dragons
  6 ancient champions
  18 shadow dragons
  3 daevas
  Donald (Swamp:3)
  2 revenants
  3 tengu reavers
  24 azure jellies
  8 frost giants
  7 fire giants
  19 draconian monks
  11 deep elf sorcerers
  10 vault wardens
  23 balrugs
  9 draconian knights
  2 ghost moths (Zot:4)
  7 warmongers (Pan)
  Louise (Spider:3)
  3 iron dragons
  7 draconian scorchers
  17 cacodemons
  12 draconian annihilators
  12 ironheart preservers
  An emperor scorpion (Spider:4)
  8 draconian stormcallers
  11 ghouls
  A deep elf elementalist (Elf:3)
  4 curse skulls
  6 draconian shifters
  56 reapers
  27 very ugly things
  4 war gargoyles
  A juggernaut skeleton (Depths:3)
  6 blood saints (Pan)
  An entropy weaver (Gauntlet)
  15 stone giants
  2 ophanim
  6 corrupters (Pan)
  12 green draconians
  3 deep elf demonologists (Elf:3)
  11 white draconians
  14 purple draconians
  17 vampire knights
  6 deep elf annihilators
  15 yellow draconians
  8 black draconians
  5 black suns (Pan)
  8 lorocyprocas
  4 spark wasps
  9 red draconians
  A minotaur (Gauntlet)
  18 fire dragons
  18 blizzard demons
  An eidolon (Crypt:2)
  6 deep elf death magi
  10 ettins
  2 spectral krakens (Tar:7)
  20 death oozes
  A kraken zombie (Hell)
  19 green deaths
  13 jiangshi
  A quicksilver dragon zombie (Tar:1)
  13 yaktaur captains
  12 great orbs of eyes
  11 ogre magi
  4 deep elf high priests
  20 vault guards
  4 quicksilver dragon skeletons
  8 ghost crabs
  7 rakshasas
  18 ice dragons
  A catoblepas (Lair:2)
  14 hydras
  4 hell beasts
  11 spriggan air magi
  2 shambling mangroves
  7 monstrous demonspawn (Pan)
  11 centaur warriors
  36 two-headed ogres
  14 alligators
  10 deep troll shamans
  5 tengu warriors
  13 deep troll earth magi
  5 shock serpents
  20 thrashing horrors
  21 hell hogs
  26 dancing weapons
  17 vampire magi
  5 orc high priests
  9 spriggan berserkers
  60 soul eaters
  6 storm dragon zombies
  55 sun demons
  16 deep elf knights
  6 titan skeletons
  37 hell knights
  14 wretched stars
  102 skeletal warriors
  5 iron trolls
  The ghost of temitten the Chiller, a novice DrIE of Vehumet (D:10)
  11 shadow wraiths
  3 spatial maelstroms (Abyss:3)
  21 sixfirhies
  4 death drakes
  4 spriggan druids
  11 flayed ghosts
  A cherub (Pan)
  11 infernal demonspawn (Pan)
  2 salamander mystics (Depths:2)
  5 unseen horrors
  10 torturous demonspawn (Pan)
  4 storm dragon skeletons
  26 deep trolls
  13 starcursed masses
  4 anaconda zombies
  4 wizards
  A deep troll (shapeshifter) (Vaults:5)
  2 ghost moth zombies
  8 glowing orange brains
  31 shadow demons
  10 gelid demonspawn (Pan)
  6 swamp dragons
  7 anaconda skeletons
  15 necromancers
  4 golden dragon skeletons
  13 orc knights
  A lindwurm (Lair:5)
  11 deep elf archers
  2 harpies (shapeshifter)
  A shadow dragon zombie (Crypt:3)
  57 deep elf magi
  2 orb spiders (shapeshifter)
  27 phantasmal warriors
  4 oklob plants
  2 shadow dragon skeletons
  6 harpies
  2 iron dragon zombies
  9 ironbrand convokers
  2 wolf spider zombies
  14 orb spiders
  59 ugly things
  2 frost giant zombies
  3 orc sorcerers
  3 cyclopes
  13 wolf spiders
  17 shining eyes
  7 fire giant zombies
  6 salamanders (Depths:2)
  6 manticores
  A salamander (shapeshifter) (Vaults:4)
  8 worldbinders
  19 moths of wrath
  6 vault sentinels
  A toenail golem (Abyss:3)
  2 iron dragon skeletons
  3 fire giant skeletons
  4 stone giant zombies
  Joseph (D:10)
  A naga mage (D:15)
  A guardian serpent (Abyss:1)
  5 stone giant skeletons
  20 elephants
  3 ice statues
  4 frost giant skeletons
  6 rust devils
  4 black mambas
  10 eyes of devastation
  48 smoke demons
  4 apocalypse crabs
  2 gargoyles
  32 orange demons
  A torpor snail (shapeshifter) (Elf:1)
  A storm dragon simulacrum (Crypt:1)
  2 dire elephant skeletons
  A pale draconian zombie (Crypt:2)
  A torpor snail (Lair:6)
  A shock serpent skeleton (Tar:2)
  5 spectral swamp worms (Tar:7)
  31 hellions
  3 anaconda simulacra (IceCv)
  12 spiny frogs
  11 efreet
  20 freezing wraiths
  3 kobold demonologists
  2 komodo dragons
  14 tormentors
  Maggie (D:7)
  An emperor scorpion zombie (Crypt:2)
  2 rime drakes (Lair:2)
  A minotaur zombie (Gauntlet)
  28 red devils
  31 hellwings
  42 yaktaurs
  16 ice devils
  12 ancient zymes
  26 demonic crawlers
  2 tengu conjurers
  3 golden dragon simulacra
  A jumping spider (shapeshifter) (Elf:1)
  4 trolls
  4 hydra zombies
  A minotaur skeleton (Crypt:2)
  A harpy zombie (Tar:3)
  2 polar bears
  A meliai (shapeshifter) (Depths:5)
  16 hornets
  A tyrant leech (Lair:3)
  3 meliai (D:15)
  14 raiju
  2 wind drakes (WizLab)
  6 silent spectres
  A hornet (shapeshifter) (Vaults:5)
  2 harpy skeletons
  21 jumping spiders
  2 ettin zombies (Tar:2)
  139 slime creatures
  A wolf spider simulacrum (IceCv)
  3 bog bodies
  A stone giant simulacrum (Abyss:1)
  3 alligator zombies
  3 ice dragon zombies
  An iron dragon simulacrum (Depths:3)
  9 hippogriffs
  6 blink frogs
  2 hippogriffs (shapeshifter)
  5 ettin skeletons
  2 frost giant simulacra
  2 fire giant simulacra
  2 ice dragon skeletons
  2 fire dragon zombies
  19 spriggans
  2 alligator skeletons
  A dire elephant simulacrum (IceCv)
  3 human simulacra
  14 air elementals
  91 flying skulls
  2 wyverns
  6 vampires
  19 wraiths
  17 tarantellas
  2 fire dragon skeletons
  5 water elementals
  26 shadows
  3 black mamba skeletons
  30 redbacks
  25 ynoxinuls
  15 fire elementals
  3 hogs
  2 hogs (shapeshifter)
  3 fire bats (Geh:1)
  A fire bat (shapeshifter) (Depths:3)
  26 yaks
  23 neqoxecs
  82 large abominations
  A basilisk (Lair:2)
  7 hungry ghosts
  Eustachio (D:4)
  6 iron troll simulacra (IceCv)
  A steam dragon (D:10)
  10 vampire mosquitoes
  15 golden eyes
  26 chaos spawn
  A basilisk (shapeshifter) (Depths:2)
  4 wargs
  3 harpy simulacra (IceCv)
  13 swamp worms
  11 water moccasins
  A two-headed ogre zombie (Crypt:2)
  8 spatial vortices
  A merfolk zombie (Tar:1)
  13 insubstantial wisps
  4 acid dragons
  4 floating eyes
  21 hell hounds
  A spiny frog zombie (Tar:2)
  2 hydra simulacra (IceCv)
  8 porcupines
  42 orc warriors
  A merfolk skeleton (Tar:3)
  An ettin simulacrum (Tar:7)
  10 eyes of draining
  6 swamp drakes
  2 ice beasts
  2 spiny frog skeletons (Geh:1)
  A manticore zombie (Hell)
  3 sky beasts
  A swamp dragon zombie (Tar:7)
  2 hornet zombies
  39 necrophages
  14 phantoms
  2 black bears
  9 wolves
  30 ogres
  14 boggarts
  36 centaurs
  2 snapping turtle skeletons
  A rime drake zombie (Crypt:2)
  A manticore skeleton (Pan)
  12 crocodiles
  10 big kobolds
  A hog skeleton (Crypt:1)
  A rime drake skeleton (Crypt:2)
  8 bullfrogs
  A draconian skeleton (Crypt:2)
  An elf skeleton (Tar:2)
  A wyvern zombie (D:12)
  A salamander skeleton (Crypt:1)
  3 earth elementals
  46 small abominations
  2 spiny frog simulacra (Hell)
  4 scorpions
  2 spriggan zombies
  A shapeshifter zombie (Crypt:2)
  62 wights
  3 electric eels
  3 vampire bats (Lair:1)
  A polar bear skeleton (Crypt:2)
  4 howler monkeys
  8 crimson imps
  A draconian simulacrum (IceCv)
  8 quasits
  3 bullfrog zombies (D:12)
  6 hounds
  2 jellies
  4 human zombies
  22 orc priests
  9 iron imps
  2 iguanas
  A centaur skeleton (D:9)
  2 human skeletons
  17 orc wizards
  2 troll simulacra (IceCv)
  5 worker ants
  3 centaur simulacra (IceCv)
  A naga zombie (Geh:1)
  2 tengu skeletons
  A hound zombie (D:10)
  3 worker ant zombies
  3 gnolls (D:4)
  3 ogre simulacra (IceCv)
  9 adders
  2 naga simulacra (IceCv)
  26 shadow imps
  10 white imps
  17 ufetubi
  4 oozes
  2 adder skeletons
  3 worms
  2 dart slugs
  5 leopard geckos
  86 orcs
  10 bats
  6 giant cockroaches
  10 goblins
  8 hobgoblins
  7 jackals
  14 kobolds
  5 quokkas
  3 ball pythons
  5 frilled lizards
  A kobold skeleton (Pan)
  A kobold zombie (Crypt:2)
  A leopard gecko zombie (D:9)
  A quokka skeleton (D:4)
  12 rats
  9 briar patches
  3 crawling corpses (Vaults:5)
  6 fire vortices
  2 fungi (Swamp:3)
  8 lurking horrors
  3 macabre masses (Abyss:3)
  8 pillars of salt
  4 plants
  10 starspawn tentacles
  5 tentacles
4022 creatures vanquished.

Vanquished Creatures (collateral kills)
  3 ancient liches
  Sojobo (Vaults:4)
  Saint Roka (Vaults:1)
  2 tentacled monstrosities
  Jorgrun (D:13)
  3 titans (Vaults:5)
  Asterion (Elf:3)
  2 deep elf blademasters
  A lich (Vaults:5)
  A deep elf master archer (Elf:3)
  Gastronok (Lair:3)
  A sphinx (Elf:3)
  2 shadow dragons
  A thorn hunter (Swamp:3)
  Kirke (Lair:5)
  2 tengu reavers
  A frost giant (shapeshifter) (Vaults:5)
  3 ghost moths (Spider:4)
  The ghost of Anaz the Basher, a journeyman DgAE (Spider:1)
  4 deep elf sorcerers
  5 vault wardens
  5 deep elf elementalists (Elf:3)
  A fire giant (Vaults:4)
  3 ghouls
  An iron dragon (Vaults:5)
  2 draconian shifters
  5 emperor scorpions (Spider:4)
  6 ironheart preservers
  Aizul (Vaults:4)
  8 very ugly things
  An entropy weaver (Vaults:5)
  A war gargoyle (Crypt:3)
  6 stone giants
  2 vampire knights (Crypt:3)
  4 deep elf annihilators (Elf:3)
  2 black draconians (Zot:3)
  5 deep elf demonologists
  2 purple draconians (Zot:3)
  2 red draconians (Zot:3)
  A deep elf death mage (Vaults:5)
  A green death (Pan)
  3 deep elf high priests
  An eidolon (Crypt:2)
  3 crystal guardians (Crypt:3)
  4 jiangshi
  6 ogre magi
  A ghost crab (WizLab)
  An ice dragon (Vaults:3)
  2 rakshasas
  8 hydras
  3 shambling mangroves
  8 vault guards
  2 spriggan air magi (WizLab)
  Erica (Lair:2)
  A centaur warrior (D:13)
  10 dancing weapons
  A deep troll shaman (Vaults:5)
  4 alligators
  15 two-headed ogres
  A titan zombie (Crypt:3)
  2 death knights
  A thrashing horror (Abyss:3)
  A vampire mage (Crypt:2)
  A deep troll earth mage (Vaults:5)
  2 soul eaters
  4 deep elf knights
  A fire crab (Lair:6)
  A golden dragon zombie (Crypt:1)
  16 skeletal warriors
  An unseen horror (Vaults:1)
  2 shadow wraiths (Crypt:2)
  2 anaconda zombies
  3 hell knights (Crypt:3)
  2 spriggan druids
  A flayed ghost (Vaults:5)
  A sixfirhy (Pan)
  5 swamp dragons
  A shadow demon (Tar:7)
  3 deep elf archers
  3 deep trolls
  5 necromancers
  A harpy (Vaults:1)
  13 orb spiders
  5 ironbrand convokers
  3 orc knights
  2 orc sorcerers (D:15)
  24 deep elf magi
  3 phantasmal warriors
  15 wolf spiders
  18 ugly things
  2 cyclopes
  An oklob plant (Gauntlet)
  3 manticores
  10 elephants
  A moth of wrath (Zot:3)
  2 centaur zombies
  4 vault sentinels
  A black mamba (Lair:1)
  2 smoke demons (Pan)
  A centaur skeleton (D:15)
  2 torpor snails (Spider:3)
  9 spiny frogs
  A catoblepas zombie (Crypt:1)
  A komodo dragon (shapeshifter) (Elf:1)
  2 komodo dragons (Lair:6)
  12 yaktaurs
  7 demonic crawlers
  3 ice devils
  2 anaconda simulacra (IceCv)
  A golden dragon simulacrum (IceCv)
  4 freezing wraiths
  2 trolls
  13 jumping spiders
  4 polar bears (Lair:6)
  7 hornets
  5 tyrant leeches
  A harpy skeleton (D:13)
  5 bog bodies
  A blink frog (Abyss:3)
  A fire dragon zombie (Crypt:2)
  2 dream sheep (Lair:6)
  4 hippogriffs
  9 slime creatures
  An alligator zombie (Crypt:3)
  19 flying skulls
  20 redbacks
  3 wraiths
  7 spriggans
  14 tarantellas
  A fire elemental (Elf:3)
  2 hogs
  4 yaks
  3 neqoxecs (Pan)
  A wyvern (D:15)
  A chaos spawn (Pan)
  2 large abominations
  4 vampire mosquitoes
  A basilisk (Lair:6)
  A spatial vortex (Abyss:3)
  11 insubstantial wisps
  3 swamp worms
  A warg (Orc:2)
  A porcupine (Lair:2)
  2 hell hounds (Elf:3)
  11 orc warriors
  6 swamp drakes (Swamp:4)
  A swamp dragon zombie (Crypt:1)
  A black bear (Lair:6)
  3 necrophages
  A snapping turtle zombie (Crypt:2)
  16 wolves (Lair:6)
  4 boggarts
  An eye of draining (Lair:6)
  2 small abominations
  5 centaurs
  6 ogres
  A crocodile (Lair:6)
  A big kobold (D:13)
  An elf zombie (Crypt:3)
  An earth elemental (Elf:2)
  3 wights (D:13)
  A quasit (Abyss:3)
  2 hounds
  A jelly (D:11)
  3 orc wizards
  13 orc priests
  2 bullfrog skeletons (D:13)
  An iguana (D:11)
  A worker ant (D:11)
  2 troll simulacra (IceCv)
  A sky beast zombie (Crypt:1)
  An ogre skeleton (Crypt:3)
  A howler monkey skeleton (Crypt:1)
  A gnoll (D:4)
  2 shadow imps
  A worm zombie (Crypt:1)
  A halfling skeleton (Crypt:1)
  26 orcs
  A jackal (D:4)
  3 briar patches (Swamp:3)
  6 crawling corpses (Vaults:5)
  2 fungi
  A pillar of salt (Pan)
  3 plants
681 creatures vanquished.

Vanquished Creatures (others)
  A pandemonium lord (Pan)
  4 profane servitors
  5 bone dragons
  4 eldritch tentacles
  A spectral human (Crypt:2)
  4 ghouls
  A blood saint (Pan)
  7 vampire knights
  A blizzard demon (WizLab)
  2 spriggan air magi (WizLab)
  A ghost crab (WizLab)
  A quicksilver dragon skeleton (Geh:1)
  3 hell hogs (Hell)
  4 skeletal warriors
  12 flayed ghosts
  6 phantasmal warriors
  2 orc knights (Orc:2)
  2 apocalypse crabs (WizLab)
  A smoke demon (Pan)
  A polar bear (Lair:6)
  A spiny frog (Swamp:1)
  A komodo dragon (Lair:6)
  A tormentor (Pan)
  A demonic crawler (Pan)
  A yaktaur (Vaults:3)
  A troll (D:13)
  A hornet (Swamp:3)
  A tyrant leech (Swamp:2)
  An ettin zombie (Geh:1)
  12 flying skulls
  A spectral troll (D:13)
  A fire elemental (Elf:1)
  15 vampires
  A ynoxinul (Abyss:2)
  An orc warrior (Orc:1)
  A golden eye (Pan)
  A human (Lair:5)
  2 chaos spawn
  A neqoxec (Pan)
  A water moccasin (D:10)
  A phantom (Geh:1)
  A wolf (Lair:6)
  A centaur (Vaults:1)
  A wight (Orc:2)
  2 orc priests
  3 orc wizards
  2 mummies
  3 ball lightnings (Pan)
  2 briar patches (Swamp:3)
  17 fungi
  2 lurking horrors (Abyss:2)
  74 pillars of salt
  13 plants
  12 snaplasher vines
  18 starspawn tentacles
  12 tentacles
  A withered plant (D:3)
274 creatures vanquished.

Grand Total: 4977 creatures vanquished

Notes
Turn   | Place    | Note
-------+----------+-------------------------------------------
     0 | D:1      | Maedhros the Octopode Artificer began the quest for the
                  | Orb.
     0 | D:1      | Reached XP level 1. HP: 13/13 MP: 3/3
   147 | D:1      | Reached XP level 2. HP: 18/18 MP: 4/4
   405 | D:1      | Reached XP level 3. HP: 6/23 MP: 5/5
  1142 | D:3      | Found a faded altar of an unknown god.
  1151 | D:3      | Became a worshipper of Yredelemnul the Dark
  1151 | D:3      | Reached * piety under Yredelemnul
  1157 | D:3      | Reached XP level 4. HP: 21/28 MP: 7/7
  2490 | D:3      | Found a runed translucent door.
  2490 | D:3      | Noticed anet's ghost (amateur GnWn)
  2493 | D:3      | Reached ** piety under Yredelemnul
  2604 | D:3      | Reached XP level 5. HP: 27/33 MP: 8/8
  2696 | D:3      | Reached skill level 1 in Slings
  3277 | D:4      | Noticed Eustachio
  3519 | D:4      | Killed Eustachio
  3519 | D:4      | Reached skill level 5 in Stealth
  3519 | D:4      | Reached skill level 5 in Evocations
  3519 | D:4      | Reached XP level 6. HP: 39/39 MP: 9/9
  4578 | D:4      | Reached XP level 7. HP: 45/45 MP: 9/11
  4668 | D:5      | Entered Level 5 of the Dungeon
  4745 | D:5      | Reached *** piety under Yredelemnul
  4763 | D:5      | Reached skill level 1 in Shields
  5567 | D:6      | Found a transporter.
  5620 | D:6      | Reached XP level 8. HP: 49/52 MP: 12/12
  6051 | D:6      | Found a transporter.
  6557 | D:7      | Found a staircase to the Ecumenical Temple.
  6739 | D:7      | Found Hoeboamo's Weapon Shoppe.
  6781 | D:7      | Found a sacrificial altar of Ru.
  6782 | D:7      | Found Keiwneg's Antique Armour Shop.
  6792 | D:7      | Found Kumicu's Armour Boutique.
  6814 | D:7      | Noticed Maggie
  6815 | D:7      | Found Wuffacw's Book Shoppe.
  6830 | D:7      | Killed Maggie
  6830 | D:7      | Reached XP level 9. HP: 30/58 MP: 7/13
  7826 | D:8      | Reached skill level 5 in Shields
  7916 | D:8      | Reached skill level 5 in Dodging
  8098 | D:9      | Reached **** piety under Yredelemnul
  8299 | D:9      | Noticed an elephant
  8373 | D:9      | Killed an elephant
  8373 | D:9      | Reached skill level 5 in Slings
  8394 | D:9      | Reached skill level 5 in Fighting
  8624 | D:9      | Reached XP level 10. HP: 59/66 MP: 12/15
  8651 | D:9      | Found a staircase to the Lair.
  9340 | D:10     | Entered Level 10 of the Dungeon
  9653 | D:10     | Found a runed translucent gate.
  9655 | D:10     | Found a runed translucent gate.
  9656 | D:10     | Found a runed translucent gate.
  9656 | D:10     | Noticed a kobold demonologist
  9656 | D:10     | Noticed temitten's ghost (novice DrIE)
  9657 | D:10     | Noticed a kobold demonologist
  9780 | D:10     | Received a gift from Yredelemnul (a mummy)
  9780 | D:10     | Noticed Joseph
  9813 | D:10     | Killed Joseph
 10351 | D:10     | Noticed a deep elf mage
 10355 | D:10     | Killed a deep elf mage
 10402 | D:10     | Reached XP level 11. HP: 36/72 MP: 8/17
 10580 | D:11     | Noticed a purple ugly thing
 10648 | D:11     | Noticed a cyclops
 10773 | D:11     | Received a gift from Yredelemnul (4 flying skulls)
 10874 | D:11     | Killed a purple ugly thing
 10929 | D:11     | Noticed a green ugly thing
 10932 | D:11     | Killed a cyclops
 10936 | D:11     | Killed a green ugly thing
 10965 | D:11     | Found Ixiesoan's Armour Boutique.
 10978 | D:11     | Found a staircase to the Orcish Mines.
 11003 | D:11     | Found Leener's Weapon Boutique.
 11040 | D:11     | Noticed a cyclops
 11449 | D:11     | Killed a cyclops
 11652 | D:12     | Noticed a two-headed ogre
 11656 | D:12     | Killed a two-headed ogre
 11656 | D:12     | Reached skill level 10 in Stealth
 11667 | D:12     | Received a gift from Yredelemnul (a mummy)
 11734 | D:12     | Noticed a green ugly thing
 11753 | D:12     | Killed a green ugly thing
 11753 | D:12     | Reached skill level 1 in Invocations
 11863 | D:12     | Reached ***** piety under Yredelemnul
 12235 | D:12     | Reached skill level 2 in Invocations
 12301 | D:12     | Received a gift from Yredelemnul (4 flying skulls)
 12480 | D:12     | Found a portal to a secret trove of treasure.
 12564 | D:12     | Killed an unseen horror
 12651 | D:12     | Noticed a manticore
 12661 | D:12     | Killed a manticore
 12714 | D:13     | Found a shimmering blue altar of Sif Muna.
 12765 | D:13     | Noticed a red ugly thing
 12824 | D:13     | Noticed a tengu warrior
 12824 | D:13     | Noticed a cyclops
 12868 | D:12     | Reached XP level 12. HP: 46/80 MP: 11/18
 13069 | Orc:1    | Entered Level 1 of the Orcish Mines
 13084 | Orc:1    | Reached skill level 3 in Invocations
 13661 | Orc:1    | Noticed a stone giant
 13891 | Orc:1    | Killed a stone giant
 13891 | Orc:1    | Reached skill level 4 in Invocations
 14221 | Orc:1    | Reached skill level 5 in Invocations
 14441 | Orc:1    | Noticed a soul eater
 14445 | Orc:1    | Reached skill level 10 in Shields
 14462 | Orc:1    | Received a gift from Yredelemnul (a vampire)
 14842 | Orc:2    | Entered Level 2 of the Orcish Mines
 15016 | Orc:1    | Received a gift from Yredelemnul (a wight)
 15121 | Orc:2    | Found a staircase to the Elven Halls.
 15272 | Orc:2    | Reached skill level 6 in Invocations
 15283 | Orc:2    | HP: 4/80 [orc priest/divine providence (9)]
 15732 | Orc:2    | Noticed an orc high priest
 15735 | Orc:2    | Killed an orc high priest
 15860 | Orc:2    | Reached skill level 10 in Slings
 16398 | Orc:2    | Noticed an orc high priest
 16400 | Orc:2    | Noticed an orc high priest
 16401 | Orc:2    | Reached skill level 7 in Invocations
 16738 | Orc:1    | Received a gift from Yredelemnul (5 flying skulls)
 17372 | Orc:2    | Noticed an orc high priest
 17500 | Orc:2    | Noticed a soul eater
 17512 | Orc:1    | Killed an orc high priest
 17512 | Orc:1    | Reached XP level 13. HP: 55/84 MP: 13/19
 17673 | Orc:2    | Reached skill level 8 in Invocations
 18849 | Orc:2    | Found Olattom's Assorted Antiques.
 18852 | Orc:2    | Found Bebbyliq's Armour Boutique.
 18853 | Orc:2    | Found Heenoh's Distillery.
 18854 | Orc:2    | Found Yqacle's Jewellery Shop.
 18864 | Orc:2    | Bought the ring of Starshine {Fire rPois Str+2 Slay+5} for
                  | 798 gold pieces
 18867 | Orc:2    | Bought a potion of experience for 600 gold pieces
 18867 | Orc:2    | Reached XP level 14. HP: 76/90 MP: 20/20
 19458 | Lair:1   | Entered Level 1 of the Lair of Beasts
 19541 | Lair:1   | Reached skill level 9 in Invocations
 19775 | Lair:1   | Received a gift from Yredelemnul (a vampire)
 20669 | Lair:2   | Identified a scroll of acquirement
 20669 | Lair:2   | Identified the ring "Paokhluo" {+Inv Str+3 Int+4 Dex+4}
                  | (You acquired it on level 2 of the Lair of Beasts)
 20810 | Lair:2   | Found a gate leading to a gauntlet.
 20819 | Gauntlet | Entered a Gauntlet
 20819 | Gauntlet | Found a transporter.
 20819 | Gauntlet | Found a transporter.
 20829 | Gauntlet | Found a transporter.
 20832 | Gauntlet | Found a transporter.
 20843 | Gauntlet | Found a transporter.
 20846 | Gauntlet | Found a transporter.
 20857 | Gauntlet | Found a transporter.
 20875 | Gauntlet | Found a transporter.
 20875 | Gauntlet | Noticed an entropy weaver
 20892 | Gauntlet | Found a transporter.
 20895 | Gauntlet | Found a transporter.
 20910 | Gauntlet | Found a transporter.
 20913 | Gauntlet | Found a transporter.
 20981 | Gauntlet | Reached skill level 10 in Invocations
 21016 | Gauntlet | Received a gift from Yredelemnul (a phantasmal warrior)
 21225 | Gauntlet | Killed an entropy weaver
 21911 | Lair:2   | Received a gift from Yredelemnul (a vampire)
 22080 | Lair:2   | Reached skill level 11 in Invocations
 22429 | Lair:2   | Noticed Erica
 22447 | Lair:2   | Killed Erica
 22831 | Lair:3   | Noticed Gastronok
 22853 | Lair:3   | Killed Gastronok
 23111 | Lair:3   | Found a staircase to the Swamp.
 23238 | Lair:3   | Received a gift from Yredelemnul (a vampire)
 23355 | Lair:3   | Reached XP level 15. HP: 77/95 MP: 23/23
 23815 | Lair:4   | Found a snail-covered altar of Cheibriados.
 24063 | Lair:4   | Found a hole to the Spider Nest.
 24511 | Lair:5   | Reached skill level 12 in Invocations
 24556 | Lair:5   | Noticed Kirke
 24683 | Lair:5   | Killed Kirke
 25086 | Lair:5   | Received a gift from Yredelemnul (a vampire)
 25272 | Lair:5   | You fall into a shaft and drop 1 floor!
 25272 | Lair:6   | Entered Level 6 of the Lair of Beasts
 25508 | Lair:6   | Found a staircase to the Slime Pits.
 26169 | Lair:6   | Reached ****** piety under Yredelemnul
 26275 | Lair:6   | Reached skill level 13 in Invocations
 26363 | Lair:6   | Found an iron altar of Okawaru.
 26656 | Lair:6   | Received a gift from Yredelemnul (a flayed ghost)
 27020 | Lair:6   | Received a gift from Yredelemnul (a phantasmal warrior)
 27395 | Lair:6   | Received a gift from Yredelemnul (a vampire)
 28075 | Orc:2    | Bought a +4 ring of dexterity for 351 gold pieces
 28186 | D:13     | Noticed Jorgrun
 28459 | D:13     | Noticed Frances
 28466 | D:13     | Killed Frances
 28532 | D:13     | Received a gift from Yredelemnul (a vampire knight)
 28538 | D:13     | Noticed Snorg
 28551 | D:13     | Killed Snorg
 28551 | D:13     | Enslaved Snorg
 28630 | D:13     | Reached skill level 14 in Invocations
 28762 | D:13     | Your ally Snorg died
 29435 | D:13     | Found a gate to the Vaults.
 29444 | D:13     | Killed Jorgrun
 29444 | D:13     | Reached XP level 16. HP: 77/103 MP: 18/26
 29916 | D:14     | Received a gift from Yredelemnul (a flayed ghost)
 30352 | D:14     | Received a gift from Yredelemnul (a vampire knight)
 31187 | D:15     | Entered Level 15 of the Dungeon
 31216 | D:15     | Identified the +1 kite shield of Caukit {Slay+3} (You
                  | acquired it on level 15 of the Dungeon)
 31217 | D:15     | Found the +3 Elemental Staff {rElec rF++ rC++ MR++ AC+5}
 31220 | D:15     | Found a shadowy altar of Dithmenos.
 31294 | D:15     | Reached skill level 1 in Staves
 31383 | D:15     | Received a gift from Yredelemnul (a vampire knight)
 31452 | D:15     | Received a gift from Yredelemnul (a phantasmal warrior)
 31849 | D:15     | Found a staircase to the Depths.
 31865 | D:15     | Received a gift from Yredelemnul (a ghoul)
 32189 | Swamp:1  | Entered Level 1 of the Swamp
 32781 | Lair:3   | Received a gift from Yredelemnul (a vampire knight)
 33085 | Spider:1 | Entered Level 1 of the Spider Nest
 33127 | Lair:4   | Reached skill level 5 in Staves
 33389 | Spider:1 | Found a runed translucent gate.
 33389 | Spider:1 | Found a runed translucent gate.
 33389 | Spider:1 | Found a runed translucent gate.
 33389 | Spider:1 | Noticed Anaz's ghost (journeyman DgAE)
 33440 | Spider:1 | Received a gift from Yredelemnul (a bone dragon)
 33933 | Spider:1 | Gained mutation: One of your tentacles bears a spike.
                  | [potion of mutation]
 33933 | Spider:1 | Gained mutation: You can translocate small distances at
                  | will. [potion of mutation]
 33933 | Spider:1 | Gained mutation: You are agile. (Dex +2) [potion of
                  | mutation]
 33966 | Spider:1 | Reached skill level 15 in Shields
 33976 | Spider:1 | Received a gift from Yredelemnul (a ghoul)
 34365 | Spider:1 | Killed Anaz's ghost
 34563 | Spider:2 | Received a gift from Yredelemnul (a ghoul)
 34807 | Spider:2 | Reached XP level 17. HP: 101/113 MP: 24/27
 35026 | Spider:2 | You fall into a shaft and drop 1 floor!
 35621 | Spider:3 | Reached skill level 10 in Dodging
 35651 | Spider:3 | Received a gift from Yredelemnul (a vampire)
 36093 | Spider:3 | Received a gift from Yredelemnul (a vampire knight)
 36742 | Spider:3 | Noticed Louise
 36749 | Spider:3 | Reached skill level 10 in Fighting
 36769 | Spider:3 | Killed Louise
 36769 | Spider:3 | Received a gift from Yredelemnul (a vampire knight)
 37066 | Spider:4 | Entered Level 4 of the Spider Nest
 37120 | Spider:4 | Received a gift from Yredelemnul (a profane servitor)
 37279 | Spider:4 | Received a gift from Yredelemnul (a skeletal warrior)
 37544 | Spider:4 | Got a gossamer rune of Zot
 38201 | Elf:1    | Entered Level 1 of the Elven Halls
 38332 | Elf:1    | Received a gift from Yredelemnul (a bone dragon)
 38339 | Elf:1    | Reached skill level 10 in Staves
 38876 | Elf:1    | Received a gift from Yredelemnul (a vampire)
 38994 | Elf:1    | Identified the Handbook of Attacks
 39001 | Elf:1    | Learned a level 4 spell: Leda's Liquefaction
 39092 | Elf:2    | Reached XP level 18. HP: 124/124 MP: 28/28
 39226 | Elf:2    | Reached skill level 1 in Earth Magic
 39226 | Elf:2    | Received a gift from Yredelemnul (a ghoul)
 39390 | Elf:2    | Found a runed translucent gate.
 39390 | Elf:2    | Found a runed translucent gate.
 39392 | Elf:2    | Found a runed translucent gate.
 39433 | Elf:2    | Received a gift from Yredelemnul (a flayed ghost)
 39642 | Elf:2    | Noticed a deep elf blademaster
 39651 | Elf:2    | Killed a deep elf blademaster
 39848 | Elf:2    | Received a gift from Yredelemnul (a vampire)
 40005 | Elf:3    | Entered Level 3 of the Elven Halls
 40249 | Elf:3    | Reached skill level 5 in Earth Magic
 40281 | Elf:3    | Received a gift from Yredelemnul (a flayed ghost)
 40477 | Elf:3    | Received a gift from Yredelemnul (a flayed ghost)
 40764 | Elf:3    | Noticed Asterion
 40965 | Elf:3    | Noticed a deep elf blademaster
 41015 | Elf:3    | Identified the +9 falchion "Hell-Harrower" {speed, rF+}
 41022 | Elf:3    | Reached XP level 19. HP: 89/131 MP: 23/29
 41646 | Elf:3    | Identified the +3 leather armour "Guroungox" {rF++ Int+3
                  | Stlth+}
 41656 | Elf:3    | Identified the +6 dire flail "Qejaoppy" {vorpal, +Rage MR+
                  | Str+2}
 41905 | Elf:3    | Noticed a Hell Sentinel
 41905 | Elf:3    | Identified the cursed +1 long sword of Cobwebs {vorpal,
                  | rC++ Str+4 SInv}
 42065 | Elf:3    | Killed Asterion
 42130 | Elf:3    | Found the +2 hood of the Assassin {Detection Stab+ Stlth++}
 42144 | Elf:3    | Noticed an Ice Fiend
 42150 | Elf:3    | Noticed a Brimstone Fiend
 42159 | Elf:3    | Got a scorched bone ring
 42160 | Elf:3    | Identified the cursed ring "Feuts" {rPois Dex-4 SInv} (You
                  | found it on level 3 of the Elven Halls)
 42185 | Elf:3    | Identified the Incunabulum of Fire and Lightness
 42955 | Swamp:1  | Received a gift from Yredelemnul (a bone dragon)
 43238 | Swamp:2  | Learned a level 3 spell: Portal Projectile
 43308 | Swamp:2  | Reached skill level 10 in Earth Magic
 43629 | Swamp:2  | Received a gift from Yredelemnul (a flayed ghost)
 43832 | Swamp:3  | Noticed Mara
 43856 | Swamp:3  | Found a frozen archway.
 43874 | IceCv    | Entered an ice cave
 44060 | IceCv    | Received a gift from Yredelemnul (a vampire knight)
 44154 | IceCv    | Received a gift from Yredelemnul (a flayed ghost)
 44236 | IceCv    | Received a gift from Yredelemnul (a skeletal warrior)
 44397 | IceCv    | Received a gift from Yredelemnul (a flayed ghost)
 44452 | IceCv    | Noticed an Ice Fiend
 44505 | IceCv    | Learned a level 5 spell: Yara's Violent Unravelling
 44515 | IceCv    | Killed an Ice Fiend
 44521 | IceCv    | Reached skill level 1 in Transmutations
 45224 | Swamp:3  | Noticed Donald
 45233 | Swamp:3  | Killed Donald
 45239 | Swamp:3  | Received a gift from Yredelemnul (a bone dragon)
 45254 | Swamp:3  | Killed Mara
 45323 | Swamp:3  | Reached XP level 20. HP: 40/140 MP: 9/30
 45681 | Swamp:3  | Received a gift from Yredelemnul (a vampire)
 45998 | Swamp:4  | Entered Level 4 of the Swamp
 46018 | Swamp:4  | Received a gift from Yredelemnul (a ghoul)
 46054 | Swamp:4  | Received a gift from Yredelemnul (a skeletal warrior)
 46099 | Swamp:4  | Reached skill level 5 in Transmutations
 46456 | Swamp:4  | Received a gift from Yredelemnul (a vampire)
 46610 | Swamp:4  | Got a decaying rune of Zot
 47012 | Vaults:1 | Entered Level 1 of the Vaults
 47081 | Vaults:1 | Received a gift from Yredelemnul (a vampire)
 47236 | Vaults:1 | Reached skill level 15 in Dodging
 47285 | Vaults:1 | Noticed Saint Roka
 47305 | Vaults:1 | Killed Saint Roka
 47485 | Vaults:1 | Received a gift from Yredelemnul (a vampire knight)
 47752 | Vaults:1 | Received a gift from Yredelemnul (a flayed ghost)
 48047 | Vaults:1 | Received a gift from Yredelemnul (a flayed ghost)
 48186 | Vaults:1 | Received a gift from Yredelemnul (a vampire)
 48232 | Vaults:1 | Reached XP level 21. HP: 132/145 MP: 9/31
 48326 | Vaults:1 | Reached skill level 10 in Transmutations
 48400 | Vaults:1 | Received a gift from Yredelemnul (a vampire)
 48648 | Vaults:2 | Reached skill level 1 in Spellcasting
 48941 | Vaults:2 | You fall into a shaft and drop 2 floors!
 49313 | Vaults:4 | Noticed Aizul
 49325 | Vaults:4 | Killed Aizul
 49532 | Vaults:4 | Noticed Sojobo
 49540 | Vaults:4 | Killed Sojobo
 49584 | Vaults:4 | Received a gift from Yredelemnul (a bone dragon)
 49647 | Vaults:4 | Received a gift from Yredelemnul (a phantasmal warrior)
 49681 | Vaults:4 | Reached skill level 5 in Spellcasting
 49763 | Vaults:4 | Noticed Frederick
 49769 | Vaults:4 | Killed Frederick
 49992 | Vaults:5 | Entered Level 5 of the Vaults
 50691 | Vaults:4 | Received a gift from Yredelemnul (a skeletal warrior)
 50811 | Vaults:5 | Received a gift from Yredelemnul (a ghoul)
 50832 | Vaults:5 | Reached XP level 22. HP: 133/152 MP: 28/32
 50855 | Vaults:5 | Received a gift from Yredelemnul (a phantasmal warrior)
 51131 | Vaults:5 | Noticed an ancient lich
 51149 | Vaults:5 | Killed an ancient lich
 51473 | Vaults:5 | Reached skill level 15 in Stealth
 51508 | Vaults:5 | Received a gift from Yredelemnul (a vampire knight)
 51684 | Vaults:5 | Received a gift from Yredelemnul (a vampire knight)
 51734 | Vaults:5 | Got a silver rune of Zot
 51808 | Vaults:5 | Received a gift from Yredelemnul (a vampire)
 51890 | Vaults:5 | Received a gift from Yredelemnul (a profane servitor)
 52421 | Vaults:5 | Got a brightly glowing jade ring
 52422 | Vaults:5 | Identified the ring of the Ageless Coins {*Contam rC+ MP+9
                  | Int+6 Stlth+} (You found it on level 5 of the Vaults)
 52681 | Vaults:5 | Received a gift from Yredelemnul (a profane servitor)
 52683 | Vaults:5 | Got a flickering granite ring
 52684 | Vaults:5 | Identified the ring "Byfo" {rPois MR+ Stlth+} (You found it
                  | on level 5 of the Vaults)
 52821 | Vaults:3 | Noticed Bai Suzhen
 52839 | Vaults:3 | Killed Bai Suzhen
 52858 | Vaults:3 | Received a gift from Yredelemnul (a flayed ghost)
 52883 | Vaults:3 | Reached XP level 23. HP: 145/157 MP: 31/35
 52891 | Vaults:3 | Received a gift from Yredelemnul (a flayed ghost)
 52893 | Vaults:3 | Noticed Jory
 52912 | Vaults:3 | Killed Jory
 53415 | Vaults:3 | Found Dokhlywn's Antique Armour Boutique.
 53522 | Vaults:3 | Found a staircase to the Crypt.
 54586 | Crypt:1  | Entered Level 1 of the Crypt
 54593 | Crypt:1  | Got a twitching silver ring
 54594 | Crypt:1  | Identified the cursed ring of the Devil's Advocate {rC+ rN+
                  | Str-2 Dex+4 Slay-4} (You found it on level 1 of the Crypt)
 54638 | Crypt:1  | Received a gift from Yredelemnul (a vampire knight)
 54853 | Crypt:1  | Received a gift from Yredelemnul (a vampire)
 55290 | Crypt:1  | Reached skill level 15 in Invocations
 55408 | Crypt:1  | Received a gift from Yredelemnul (a flayed ghost)
 55625 | Crypt:2  | Received a gift from Yredelemnul (a vampire knight)
 55718 | Crypt:2  | Found a magical portal.
 55793 | WizLab   | Reached skill level 10 in Spellcasting
 55895 | WizLab   | Received a gift from Yredelemnul (a profane servitor)
 56092 | WizLab   | Received a gift from Yredelemnul (a bone dragon)
 56350 | WizLab   | Identified Gehin's Catalogue of Flight
 56701 | Crypt:2  | Noticed an ancient lich
 56720 | Crypt:2  | Received a gift from Yredelemnul (a ghoul)
 56720 | Crypt:2  | Your ally Bokotukk died
 56725 | Crypt:2  | Killed an ancient lich
 56725 | Crypt:2  | Reached skill level 16 in Invocations
 56744 | Crypt:2  | Noticed an ancient lich
 56770 | Crypt:2  | Killed an ancient lich
 56770 | Crypt:2  | Reached XP level 24. HP: 105/163 MP: 37/37
 56781 | Crypt:2  | Received a gift from Yredelemnul (a skeletal warrior)
 56959 | Crypt:2  | Received a gift from Yredelemnul (a phantasmal warrior)
 57455 | Crypt:3  | Entered Level 3 of the Crypt
 57568 | Crypt:3  | Received a gift from Yredelemnul (a bone dragon)
 57608 | Crypt:3  | Learned a level 9 spell: Tornado
 57619 | Crypt:3  | Received a gift from Yredelemnul (a phantasmal warrior)
 57635 | Crypt:3  | Reached skill level 1 in Air Magic
 57721 | Crypt:3  | Found a staircase to the Tomb.
 57834 | Crypt:3  | Received a gift from Yredelemnul (a phantasmal warrior)
 58171 | Crypt:3  | Received a gift from Yredelemnul (a skeletal warrior)
 58254 | Crypt:3  | Noticed an ancient lich
 58262 | Crypt:3  | Killed an ancient lich
 58262 | Crypt:3  | Reached skill level 5 in Air Magic
 58334 | Crypt:3  | Found an ancient bone altar of Kikubaaqudgha.
 58392 | Crypt:3  | Identified the Almanac of the Dusty Birds
 58401 | Crypt:3  | Learned a level 6 spell: Deflect Missiles
 58467 | Crypt:3  | Received a gift from Yredelemnul (a flayed ghost)
 58994 | Swamp:3  | Got a pitted silver amulet
 58995 | Swamp:3  | Identified the amulet "Fuoloamiag" {Gourm rC+} (You found
                  | it on level 3 of the Swamp)
 59034 | Swamp:3  | Learned a level 5 spell: Fireball
 59118 | Swamp:3  | Gained mutation: You evolve. [mutagenic glow]
 60248 | Swamp:3  | Gained mutation: Your system is resistant to poisons.
                  | (rPois) [evolution]
 61190 | Temple   | Entered the Ecumenical Temple
 61330 | Temple   | Fell from the grace of Yredelemnul
 61330 | Temple   | Became a worshipper of Zin the Law-Giver
 61330 | Temple   | Reached * piety under Zin
 61330 | Temple   | Reached ** piety under Zin
 61331 | Temple   | Donated 2398 gold pieces to Zin
 61351 | Temple   | Reached *** piety under Zin
 61488 | Lair:2   | Reached **** piety under Zin
 61599 | Slime:1  | Entered Level 1 of the Pits of Slime
 61641 | Lair:6   | Reached ***** piety under Zin
 63180 | Slime:5  | Entered Level 5 of the Pits of Slime
 63207 | Slime:5  | Found a viscous altar of Jiyva.
 63209 | Slime:5  | Noticed the Royal Jelly
 63214 | Slime:5  | Reached XP level 25. HP: 168/168 MP: 37/37
 65567 | Slime:5  | Donated 1199 gold pieces to Zin
 65592 | Slime:5  | Reached skill level 10 in Air Magic
 66441 | Slime:5  | Killed the Royal Jelly
 66720 | Slime:5  | Got a slimy rune of Zot
 66722 | Slime:5  | Got a warped pewter amulet
 66723 | Slime:5  | Identified the amulet of Yrrataq {Harm *Drain *Slow rPois
                  | rN++ Str+3} (You found it on level 5 of the Pits of Slime)
 66750 | Slime:5  | Identified the Almanac of Attacks and Weightlessness (You
                  | acquired it on level 5 of the Pits of Slime)
 66780 | Slime:5  | Identified the Almanac of Flames and Lightness
 66785 | Slime:5  | Got a slimy lapis lazuli ring
 66786 | Slime:5  | Identified the ring of Yfisais {MR+ rCorr Str-5 Stlth+}
                  | (You found it on level 5 of the Pits of Slime)
 66792 | Slime:5  | Got a bound turquoise ring
 66793 | Slime:5  | Identified the ring of Ruejap {rElec MR+ MP+9 Dex-2} (You
                  | found it on level 5 of the Pits of Slime)
 66825 | Slime:5  | Got a warped copper ring
 66826 | Slime:5  | Identified the ring of Untruth {rF+ MP-9 EV+5 Int+2 Dex+7}
                  | (You found it on level 5 of the Pits of Slime)
 66831 | Slime:5  | Reached ****** piety under Zin
 67223 | Depths:1 | Entered Level 1 of the Depths
 67617 | Depths:1 | Found a glowing golden altar of the Shining One.
 67698 | Depths:1 | Reached skill level 17 in Invocations
 68370 | Depths:1 | Found a gateway to Hell.
 68855 | Depths:2 | Reached skill level 18 in Invocations
 69003 | Depths:2 | Reached XP level 26. HP: 127/175 MP: 29/37
 69457 | Depths:2 | Was forgiven by Yredelemnul
 69930 | Depths:3 | Found a one-way gate to the infinite horrors of the Abyss.
 69939 | Depths:3 | Noticed a juggernaut
 69983 | Depths:3 | Killed a juggernaut
 70901 | Depths:3 | Reached skill level 19 in Invocations
 71202 | Depths:3 | Found a gateway to a ziggurat.
 71224 | Depths:3 | Reached skill level 15 in Air Magic
 71260 | Depths:3 | Found Qaq Nomo's Weapon Shop.
 71735 | Depths:3 | Found a one-way gate leading to the halls of Pandemonium.
 72296 | Depths:4 | Reached skill level 20 in Invocations
 72411 | Depths:4 | Reached XP level 27. HP: 132/180 MP: 32/37
 72915 | Depths:4 | Found a runed translucent gate.
 72915 | Depths:4 | Found a runed translucent gate.
 72916 | Depths:4 | Found a runed translucent gate.
 72917 | Depths:4 | Noticed Simojuej's ghost (adept DgGl)
 72963 | Depths:4 | Killed Simojuej's ghost
 73148 | Depths:5 | Entered Level 5 of the Depths
 73193 | Depths:5 | Found Hyinlor's Gadget Shop.
 73201 | Depths:5 | Bought a wand of scattershot (6) for 600 gold pieces
 73311 | Depths:5 | Noticed Boris
 73313 | Depths:5 | Killed Boris
 73339 | Depths:5 | Found Sebbof's Antique Weapon Shoppe.
 73486 | Depths:5 | Found Pim Ceroa's Book Emporium.
 73504 | Depths:5 | Bought Sif Muna's Guide on Supportive Cold for 948 gold
                  | pieces
 73509 | Depths:5 | Learned a level 4 spell: Summon Lightning Spire
 73515 | Depths:5 | Learned a level 5 spell: Summon Forest
 73579 | Depths:5 | Found Vinopnip's Food Shoppe.
 73678 | Depths:5 | Found a gate to the Realm of Zot.
 73691 | Depths:5 | Reached skill level 1 in Translocations
 73733 | Depths:5 | Reached skill level 1 in Summonings
 73737 | Depths:5 | Reached skill level 21 in Invocations
 74094 | Depths:5 | Found Saiqomur's Jewellery Shop.
 74383 | Zot:1    | Entered Level 1 of the Realm of Zot
 75232 | Depths:5 | Lost mutation: You evolve. [evolution]
 75886 | Zot:1    | You fall into a shaft and drop 1 floor!
 75891 | Zot:1    | Reached skill level 5 in Translocations
 75920 | Zot:1    | Reached skill level 5 in Summonings
 76553 | Zot:1    | Found a stormy altar of Qazlal.
 76606 | Zot:1    | Identified the Almanac of Fire and Brimstone
 76616 | Zot:1    | Identified Wayppoast's Compendium of the Zealot
 77491 | Zot:3    | Reached skill level 22 in Invocations
 78079 | Zot:3    | Reached skill level 23 in Invocations
 79058 | Zot:4    | Noticed an orb of fire
 79375 | Zot:4    | Reached skill level 24 in Invocations
 79801 | Zot:4    | Killed an orb of fire
 80005 | Hell     | Entered the Vestibule of Hell
 80005 | Hell     | Noticed Geryon
 80025 | Hell     | Killed Geryon
 80629 | Hell     | Found a gateway to the Iron City of Dis.
 80717 | Hell     | Found a gateway to the ashen valley of Gehenna.
 80828 | Hell     | Found a gateway to the decaying netherworld of Tartarus.
 80855 | Hell     | Reached skill level 25 in Invocations
 81309 | Hell     | Found a gateway to the freezing wastes of Cocytus.
 81751 | Hell     | Learned a level 1 spell: Apportation
 81755 | Hell     | Learned a level 3 spell: Ignite Poison
 81762 | Hell     | Learned a level 6 spell: Shadow Creatures
 81769 | Hell     | Learned a level 6 spell: Eringya's Noxious Bog
 82810 | Tar:1    | Entered Level 1 of Tartarus
 82915 | Tar:2    | Reached skill level 1 in Poison Magic
 82918 | Tar:2    | Gained mutation: Scrolls take you a little longer to read.
                  | [mutagenic glow]
 82964 | Tar:2    | Gained mutation: Your muscles are strong. (Str +2)
                  | [mutagenic glow]
 84417 | Tar:1    | Reached skill level 5 in Poison Magic
 84915 | Tar:2    | Reached skill level 10 in Summonings
 88563 | Tar:5    | You fall into a shaft and drop 1 floor!
 88564 | Tar:6    | Noticed an ancient lich
 88565 | Tar:6    | Killed an ancient lich
 90260 | Tar:7    | Entered Level 7 of Tartarus
 90733 | Tar:7    | Found the +6 lightning scales {run, rElec}
 90745 | Tar:7    | Learned a level 7 spell: Monstrous Menagerie
 90880 | Tar:7    | Reached skill level 15 in Spellcasting
 92652 | Tar:7    | Identified the +1 robe of Elitism {Dex+2}
 92652 | Tar:7    | Noticed Ereshkigal
 92701 | Tar:7    | Killed Ereshkigal
 92702 | Tar:7    | Identified the ring "Taduut" {rN+ MR+ Int+3}
 92718 | Tar:7    | Identified the +1 plate armour of Beauty {rF+++ Str+4 Dex+4
                  | SInv}
 92744 | Tar:7    | Got a bone rune of Zot
 93841 | Elf:1    | Learned a level 6 spell: Freezing Cloud
 93855 | Elf:1    | Learned a level 7 spell: Spellforged Servitor
 94105 | Geh:1    | Entered Level 1 of Gehenna
 94157 | Geh:2    | Found a huge runed gate.
 94157 | Geh:2    | Found a huge runed gate.
 94157 | Geh:2    | Found a huge runed gate.
 94157 | Geh:2    | Found a huge runed gate.
 94161 | Geh:2    | Found a huge runed gate.
 94161 | Geh:2    | Found a huge runed gate.
 94161 | Geh:2    | Found a huge runed gate.
 94161 | Geh:2    | Found a huge runed gate.
 94161 | Geh:2    | Found a huge runed gate.
 94161 | Geh:2    | Found a huge runed gate.
 94162 | Geh:2    | Found a huge runed gate.
 94162 | Geh:2    | Found a huge runed gate.
 94163 | Geh:2    | Found a huge runed gate.
 94178 | Geh:2    | Noticed an ancient lich
 95483 | Depths:3 | Voluntarily entered the Abyss.
 97642 | Abyss:2  | Found a bloodstained altar of Trog.
 98298 | Abyss:2  | Found a basalt altar of Yredelemnul.
 98463 | Abyss:3  | Noticed an ancient lich
 98873 | Abyss:3  | Found a corrupted altar of Lugonu.
 99334 | Abyss:3  | Found a corrupted altar of Lugonu.
 99450 | Abyss:3  | Identified the -6 kite shield of Birdsong {rF+} (You
                  | acquired it on level 3 of the Abyss)
 99450 | Abyss:3  | Identified the ring of Diathe Nuts {Str-2 Dex+2 Slay+6 SInv
                  | Stlth+} (You acquired it on level 3 of the Abyss)
 99830 | Abyss:3  | Paralysed by a floating eye for 2 turns
 99923 | Abyss:3  | Got an abyssal rune of Zot
100129 | Depths:3 | Escaped the Abyss
101458 | D:10     | Killed temitten's ghost
101753 | Pan      | Entered Pandemonium
101796 | Pan      | Reached skill level 1 in Conjurations
102018 | Pan      | Found an exit through the horrors of the Abyss.
102064 | Pan      | Noticed Sitruczu the pandemonium lord
102075 | Pan      | Killed Sitruczu the pandemonium lord
102136 | Pan      | Identified the +8 scale mail "Yxuocu" {rC+}
102489 | Pan      | Noticed Cuhusaedgh the pandemonium lord
102503 | Pan      | Killed Cuhusaedgh the pandemonium lord
102681 | Pan      | Reached skill level 5 in Conjurations
103385 | Pan      | Noticed Duasme the pandemonium lord
103402 | Pan      | Killed Duasme the pandemonium lord
103452 | Pan      | Reached skill level 15 in Fighting
104383 | Pan      | Entered the realm of Gloorx Vloq.
104935 | Pan      | Noticed Gloorx Vloq
105366 | Pan      | Got a dark rune of Zot
105774 | Pan      | Noticed Cang the pandemonium lord
105784 | Pan      | Killed Cang the pandemonium lord
106032 | Pan      | Reached skill level 10 in Conjurations
106235 | Pan      | Noticed Daovailo the pandemonium lord
106254 | Pan      | Killed Daovailo the pandemonium lord
106629 | Pan      | Found an exit through the horrors of the Abyss.
106660 | Pan      | Noticed Gloorx Vloq
106768 | Pan      | Entered the realm of Lom Lobon.
106773 | Pan      | Identified Koixt's Tome of Quantum Confrontation (You
                  | acquired it in Pandemonium)
106773 | Pan      | Found the +0 mask of the Dragon {MR+ Slay+3 SInv}
107515 | Pan      | Noticed Lom Lobon
107986 | Pan      | Killed Lom Lobon
108008 | Pan      | Got a magical rune of Zot
108340 | Pan      | Noticed Gloorx Vloq
108918 | Pan      | Killed Gloorx Vloq
108918 | Pan      | Reached skill level 15 in Staves
109527 | Pan      | Noticed Nofag the pandemonium lord
109538 | Pan      | Killed Nofag the pandemonium lord
110225 | Pan      | Noticed Ekanez the pandemonium lord
110240 | Pan      | Killed Ekanez the pandemonium lord
110290 | Pan      | Found an exit through the horrors of the Abyss.
110339 | Pan      | Noticed Honliekh the pandemonium lord
110361 | Pan      | Killed Honliekh the pandemonium lord
110885 | Pan      | Noticed Qentaot the pandemonium lord
110894 | Pan      | Killed Qentaot the pandemonium lord
111574 | Pan      | Entered the realm of Cerebov.
111813 | Pan      | Noticed Mennas
111833 | Pan      | Killed Mennas
112363 | Pan      | Identified the +12 rapier of Tiar {vorpal, *Rage rElec
                  | Dex+4}
112402 | Pan      | Identified the +2 quarterstaff "Zemaeg" {elec, rElec rC++
                  | Str+2}
112429 | Pan      | Identified the +6 sword of Cerebov {flame}
112429 | Pan      | Noticed Cerebov
112453 | Pan      | Identified Kiblec's Catalogue of Earthen Fire
113000 | Pan      | Killed Cerebov
113027 | Pan      | Identified the Incunabulum of Flamy Dislocation
113124 | Pan      | Got a fiery rune of Zot
113210 | Pan      | Entered the realm of Mnoleg.
113412 | Pan      | Paralysed by a floating eye for 2 turns
113413 | Pan      | Noticed Mnoleg
113528 | Pan      | Paralysed by a floating eye for 2 turns
113583 | Pan      | Found an exit through the horrors of the Abyss.
113793 | Pan      | Paralysed by an eldritch tentacle for 7 turns
113796 | Pan      | HP: 3/185 [tentacled monstrosity[Mnoleg] (7)]
113796 | Pan      | Slain by a tentacled monstrosity

Levels and vault maps discovered:
D:1:      dpeg_arrival_arbitrary_a, layout_loops_ring, minmay_misc_feat_iff
D:2:      layout_loops_corners, first_ration, grunt_ministairs_15, minivault_26
D:3:      layout_basic, gammafunk_ghost_grave,
          chequers_ecumenical_altar_simple_redux, minivault_19
D:4:      minmay_bubble_buster, layout_rooms, uniq_eustachio
D:5:      layout_loops_ring
D:6:      gammafunk_steamed_eel, layout_basic
D:7:      layout_loops_ring, lemuel_crystal_altar,
          minmay_temple_entry_from_below_a, serial_shops, nicolae_shop_trees,
          shop, nicolae_shop_trees, shop, uniq_maggie
D:8:      layout_basic
D:9:      layout_loops_ring, david_lair_generic
D:10:     layout_irregular_city, gammafunk_ghost_nasty_kobolds, uniq_joseph
D:11:     layout_basic, orc_david_3, serial_glass, glass_columns_a,
          glass_columns_a
D:12:     layout_roguey, enter_trove_1
D:13:     layout_loops_cross, skrybe_vaults_entry_preservation, basic_altar,
          blue_anna_alchemist [blue_anna_fruit_fields, blue_anna_fruit_fields],
          hangedman_abyss_or_decor_lesser_grid, uniq_frances, uniq_jorgrun,
          uniq_snorg
D:14:     layout_grid_maze, serial_park_tiny_1
D:15:     grunt_enter_depths_magical_seal, layout_basic, fountainhead,
          grunt_dithmenos_smoke_and_mirrors
Temple:   kilobyte_greek_temple
Lair:1:   layout_chaotic_city, roderic_batcave, minmay_lair_oklob_chamber
Lair:2:   layout_cave_pods, gauntlet_entry_generic, serial_bayou_shore_b,
          uniq_erica
Lair:3:   layout_cave_pods, swamp_mist, minmay_lair_oklob_items, uniq_gastronok
Lair:4:   layout_big_grid, spider_nest_entry_a, basic_altar,
          serial_bayou_shore_a
Lair:5:   layout_loops_ring, uniq_kirke
Lair:6:   minmay_lair_end_enchanted_forest, layout_long_grid,
          minmay_slime_entry_eyes, st_stairs_9, lemuel_centaur_altar
Swamp:1:  layout_basic_swamp, wheals_swamp_sinkhole
Swamp:2:  layout_basic_swamp, evilmike_swamp_ruin_house_5
Swamp:3:  nicolae_swamp_phyte_club, layout_falls_marsh,
          portal_ice_cave_entry_pillars_three,
          nicolae_swamp_orc_logging_accident, infiniplex_staircase_pool,
          uniq_donald, uniq_mara
Swamp:4:  swamp, layout_basic_swamp
Spider:1: layout_spider_delve, ebering_ghost_rock_garden
Spider:2: layout_spider_delve
Spider:3: layout_chambers, uniq_louise
Spider:4: grunt_spider_rune_circles, guppyfry_spider_mini_3
Slime:1:  layout_caves
Slime:2:  layout_caves
Slime:3:  layout_caves, basic_altar, nicolae_slime_ancient_tower_intersection
Slime:4:  layout_caves
Slime:5
Orc:1:    layout_diamond_mine, elves_outpost_lemuel
Orc:2:    st_orc_pillars, layout_caves
Elf:1:    layout_geoelf_diagonals, minmay_elf_sorcery
Elf:2:    layout_gridlike
Elf:3:    elf_hall, layout_gridlike, special_room [special_room_mythical_zoo],
          uniq_asterion
Vaults:1: v_misc_15, grunt_vaults_trifunnel, hangedman_vaults_unwind,
          ontoclasm_vaults_bender, hangedman_vaults_nails, v_misc_4,
          nicolae_vaults_windows_and_doors_thing, ontoclasm_vaults_ring_square,
          nicolae_vaults_network_square, nicolae_vaults_circle_grid_b,
          vaults_room_pool, v_misc_19, vaults_dpeg_encased_lava,
          layout_vaults_omnibox, uniq_saint_roka
Vaults:2: vaults_standard_mumra_lines, nicolae_vaults_three_branches,
          vaults_room_stairs_pillars, ontoclasm_vaults_ring_small,
          vaults_room_boxed, nicolae_vaults_stairing_the_circle,
          grunt_vaults_focal, nicolae_vaults_little_squares_3,
          ontoclasm_vaults_pinch, hangedman_vaults_cutoff,
          nicolae_vaults_quartermaster, v_misc_3,
          nicolae_vaults_diagonal_hallway_8, nicolae_vaults_gold_heap,
          layout_vaults_omnicross
Vaults:3: hangedman_vaults_trim, dpeg_vaults_monster_row, v_misc_12,
          hangedman_vaults_maws, hangedman_vaults_corner_blocks,
          vaults_room_large_hall, hangedman_vaults_corner_blocks,
          vaults_dpeg_cross, v_misc_9, minmay_crypt_entry_simple_corners,
          vaults_room_pools, layout_vaults_quadrants, serial_shops, shop_statue,
          uniq_jory, uniq_bai_suzhen
Vaults:4: v_rooms_4, vaults_room_pool, nicolae_vaults_triangles,
          st_smaller_cells, ontoclasm_vaults_fault, v_misc_16,
          hangedman_vaults_slice, v_misc_12, nicolae_vaults_little_squares_5,
          ontoclasm_vaults_claustrophobia, nicolae_vaults_theta,
          hangedman_vaults_capsules, nicolae_vaults_asterisk,
          layout_vaults_ring, uniq_frederick, uniq_aizul, uniq_sojobo
Vaults:5
Crypt:1:  layout_catacombs, hex_medium
Crypt:2:  grunt_deathspiral_small, layout_gridlike, mu_enter_wizlab_1
Crypt:3:  cryptofortress_bobbens
Depths:1: layout_honeycomb, grunt_hell_entry_dis_grunt, roderic_lattice_a,
          serial_sigils_hangedman_scar, minivault_16, nrook_uturn,
          tso_metal_star
Depths:2: kennysheep_demon_jail, layout_basic, hell_entry, nicolae_water_bricks,
          kennysheep_small_square
Depths:3: hangedman_cross_cluster, layout_twisted_cross, enter_ziggurat_d,
          serial_shops, shop, grunt_hell_horde, abyss_entry,
          grunt_pan_entry_zigzag, hex_tiny, evilmike_minifort
Depths:4: minmay_polygon_palace, layout_basic, abyss_entry,
          pf_hell_entry_great_geh, ebering_ghost_rock_garden,
          chequers_serial_rivers_micro_c, infiniplex_staircase_diamond
Depths:5: grunt_zot_entry_tricorne, layout_gridville, hangedman_coc_ice_floe,
          serial_shops, nicolae_shop_crystal, shop, shop,
          nicolae_shop_waterfront, shop_fountains, grunt_decor_mini_mirrors,
          uniq_boris
Hell
Geh:1:    layout_gehenna_pools_triple
Geh:2:    layout_gehenna_lava_caves, door_vault
Tar:1:    layout_honeycomb
Tar:2:    layout_catacombs
Tar:3:    layout_cathedral_of_symmetry
Tar:4:    layout_catacombs, hangedman_mysterious_dungeon_monster_house
Tar:5:    layout_cathedral_of_symmetry
Tar:6:    layout_catacombs, hangedman_restless_catacombs
Tar:7:    tar_minmay_river
Zot:1:    nicolae_zot_draconian_monastery, layout_onion
Zot:2:    layout_onion_interference
Zot:3:    layout_twisted_circle
Zot:4:    kennysheep_spiral_hall, layout_onion_interference,
          st_small_dragon_hoard_3
Pan:      evilmike_mini_pan_other_thingy, layout_pan_divisions_b
          [pan_division_quadrant_b3, pan_division_quadrant_b3,
          pan_division_quadrant_b3, pan_division_quadrant_b2],
          nicolae_pan_glass_arcs, layout_gridville, pan_blood_fountain_small,
          grunt_pan_sceptre, layout_pan_divisions_b [pan_division_quadrant_b4,
          pan_division_quadrant_b6, pan_division_quadrant_b6,
          pan_division_quadrant_b5], nicolae_pan_sick_transit,
          evilmike_mini_pan_corner, layout_gridlike, gloorx_vloq_grunt,
          layout_basic, pan_blood_fountain_small, nicolae_pan_sigil_itan,
          grunt_pan_sceptre, layout_pan_divisions_a [pan_division_quadrant_a4,
          pan_division_quadrant_a4, pan_division_quadrant_a6,
          pan_division_quadrant_a4, pan_division_octagon_empty],
          nicolae_pan_gloorx_vloqian_2, nicolae_pan_glass_arcs,
          layout_grid_shapes, grunt_pan_sceptre, layout_gridlike,
          pan_blood_fountain, uniq_gloorx_vloq, lom_lobon_spiral_st,
          layout_small_grid, pan_blood_fountain_small,
          nicolae_pan_lom_lobonic_2, grunt_pan_pentagram, layout_chambers,
          reaverb_pan_figure_eight, evilmike_mini_pan_pillars_b,
          layout_gridlike, uniq_gloorx_vloq, nicolae_pan_door_chamber,
          layout_gridlike, nicolae_pan_gloorx_vloqian_2, rand_demon_6,
          layout_gridville, rand_demon_6, layout_small_grid,
          evilmike_cerebov_lava, layout_gridville, uniq_mennas_pan,
          mnoleg_grunt_wretched_star, layout_gridlike

Skill      XL: |  1  2  3  4  5  6  7  8  9 10 11 12 13 14 15 16 17 18 19 20 21 22 23 24 25 26 27 |
---------------+----------------------------------------------------------------------------------+-----
Stealth        | 2 3 4 5 6 7 8 9 10 13 17 18 | 18.5
Evocations     | 4 5 6 7 8 |  8.8
Slings         | 1 2 3 5 7 8 10 11 12 | 12.0
Fighting       | 2 3 4 5 6 7 9 11 12 13 14 18 | 18.1
Dodging        | 3 4 5 6 7 8 9 11 12 13 16 17 | 17.0
Shields        | 2 4 6 7 9 10 12 13 14 15 16 17 18 23 | 23.3
Invocations    | 2 7 8 11 14 16 18 20 25 | 25.1
Staves         | 6 10 12 16 | 16.5
Earth Magic    | 7 11 12 | 12.0
Transmutations | 3 9 10 | 10.2
Spellcasting   | 6 8 10 21 | 21.0
Air Magic      | 8 13 16 24 | 24.0
Translocations | 8 |  8.7
Summonings     | 12 | 12.0
Poison Magic   | 9 |  9.0
Conjurations   | 11 | 11.1
Short Blades   | |  1.0

Action                   |  1- 3 |  4- 6 |  7- 9 | 10-12 | 13-15 | 16-18 | 19-21 | 22-24 | 25-27 || total
-------------------------+-------+-------+-------+-------+-------+-------+-------+-------+-------++-------
Melee: Short sword       |    87 |    95 |       |       |       |       |       |       |       ||   182
       Constrict         |    28 |    34 |    35 |    52 |    55 |   130 |   173 |   175 |   940 ||  1622
       Tentacles         |    12 |    25 |    52 |    62 |   117 |   214 |   379 |   616 |  3638 ||  5115
       Rapier            |       |    28 |   204 |   221 |   315 |    14 |       |       |       ||   782
       Staff             |       |       |       |       |       |   546 |  1058 |  1406 |  7834 || 10844
       Kick              |       |       |       |       |       |   252 |   600 |   962 |  5667 ||  7481
 Fire: Hunting sling     |       |       |    45 |   720 |   800 |   579 |     4 |       |       ||  2148
Throw: Dart              |       |       |    39 |    26 |       |       |       |       |     2 ||    67
 Cast: Fireball          |       |       |       |       |       |       |       |     1 |       ||     1
       Summon Forest     |       |       |       |       |       |       |       |       |    21 ||    21
       Tornado           |       |       |       |       |       |       |       |       |     8 ||     8
       Monstrous Menager |       |       |       |       |       |       |       |       |     4 ||     4
       Summon Lightning  |       |       |       |       |       |       |       |       |     4 ||     4
       Deflect Missiles  |       |       |       |       |       |       |       |       |     3 ||     3
       Shadow Creatures  |       |       |       |       |       |       |       |       |     3 ||     3
       Eringya's Noxious |       |       |       |       |       |       |       |       |     2 ||     2
       Apportation       |       |       |       |       |       |       |       |       |     1 ||     1
       Portal Projectile |       |       |       |       |       |       |       |       |     1 ||     1
Invok: Recall Undead Sla |       |       |       |       |     6 |     5 |    11 |     3 |       ||    25
       Enslave Soul      |       |       |       |       |     1 |       |       |     1 |       ||     2
       Drain Life        |       |       |       |       |       |     1 |     9 |     9 |       ||    19
       Stop Recall       |       |       |       |       |       |       |     5 |     1 |       ||     6
       Vitalisation      |       |       |       |       |       |       |       |     4 |   142 ||   146
       Donate Gold       |       |       |       |       |       |       |       |     1 |     1 ||     2
       Imprison          |       |       |       |       |       |       |       |     1 |    14 ||    15
       Recite            |       |       |       |       |       |       |       |       |   116 ||   116
       Sanctuary         |       |       |       |       |       |       |       |       |     4 ||     4
 Abil: Evoke Invisibilit |       |       |       |       |       |       |       |       |     1 ||     1
Evoke: Wand              |     2 |    15 |     9 |    73 |    44 |    14 |    12 |    11 |    32 ||   212
  Use: Potion            |       |       |     2 |     3 |     2 |     1 |     2 |     2 |     9 ||    21
       Scroll            |       |       |    16 |     2 |    14 |    14 |     8 |     9 |    39 ||   102
 Stab: Distracted        |     1 |     1 |       |       |     4 |    10 |    18 |    29 |   130 ||   193
       Sleeping          |     4 |    11 |    15 |     7 |    12 |    61 |    69 |    88 |   233 ||   500
       Paralysed         |       |       |       |     5 |     1 |     4 |     1 |     8 |     8 ||    27
       Invisible         |       |       |       |       |     7 |       |       |     1 |     3 ||    11
       Confused          |       |       |       |       |     3 |       |     2 |       |    97 ||   102
  Eat: Chunk             |       |    12 |    13 |    17 |    30 |    19 |    26 |    13 |    15 ||   145
       Ration            |       |       |       |     3 |     2 |     5 |     3 |    10 |    45 ||    68
Armor: Skin              |    20 |    19 |    20 |    39 |    23 |    34 |    70 |   105 |   321 ||   651
Dodge: Dodged            |    59 |    78 |   114 |   280 |   415 |   420 |   559 |   667 |  4934 ||  7526
       Deflected         |       |       |       |       |       |       |       |       |    32 ||    32
Block: Kite shield       |       |       |    86 |   315 |   507 |   466 |   641 |   800 |  5416 ||  8231
       Tower shield      |       |       |       |       |       |       |       |       |   197 ||   197
       Reflection        |       |       |       |       |       |       |       |       |     1 ||     1

Table legend:
 A = Non-vault XP
 B = Vault XP
 C = Vault XP percentage of total XP
 D = Non-vault monster count
 E = Vault monster count
 F = Vault count percentage of total count
                 A         B        C        D         E       F
            +---------+---------+-------+---------+---------+-------
      Total | 1814114 | 1140359 |  38.6 |    3164 |    1389 |  30.5
            +---------+---------+-------+---------+---------+-------
        D:1 |      44 |       0 |   0.0 |      23 |       0 |   0.0
        D:2 |      55 |       3 |   5.2 |      21 |       2 |   8.7
        D:3 |     159 |       0 |   0.0 |      33 |       0 |   0.0
        D:4 |     154 |     313 |  67.0 |      17 |       7 |  29.2
        D:5 |     447 |       0 |   0.0 |      21 |       0 |   0.0
        D:6 |     588 |       0 |   0.0 |      12 |       0 |   0.0
        D:7 |     298 |     359 |  54.6 |       9 |       1 |  10.0
        D:8 |     938 |       0 |   0.0 |      12 |       0 |   0.0
        D:9 |    1524 |     945 |  38.3 |      30 |       4 |  11.8
       D:10 |    3337 |    2806 |  45.7 |      23 |      12 |  34.3
       D:11 |    2841 |     434 |  13.3 |      20 |       7 |  25.9
       D:12 |    5453 |       0 |   0.0 |      43 |       0 |   0.0
       D:13 |   10331 |    6713 |  39.4 |      57 |      11 |  16.2
       D:14 |    9104 |       0 |   0.0 |      25 |       0 |   0.0
       D:15 |   11372 |    5157 |  31.2 |      31 |      10 |  24.4
     Lair:1 |    3785 |    1072 |  22.1 |      14 |      11 |  44.0
     Lair:2 |    7494 |     852 |  10.2 |      29 |       1 |   3.3
     Lair:3 |    6466 |    2129 |  24.8 |      24 |       2 |   7.7
     Lair:4 |    3613 |     991 |  21.5 |      11 |       5 |  31.2
     Lair:5 |    5087 |    1567 |  23.5 |      20 |       3 |  13.0
     Lair:6 |   11237 |    7692 |  40.6 |      37 |      51 |  58.0
    Swamp:1 |   10120 |       0 |   0.0 |      20 |       0 |   0.0
    Swamp:2 |   15826 |       0 |   0.0 |      44 |       0 |   0.0
    Swamp:3 |    9186 |   15256 |  62.4 |      33 |       9 |  21.4
    Swamp:4 |   13776 |   13017 |  48.6 |      48 |      25 |  34.2
   Spider:1 |   12084 |    1053 |   8.0 |      37 |       1 |   2.6
   Spider:2 |   10503 |       0 |   0.0 |      34 |       0 |   0.0
   Spider:3 |   12552 |    1222 |   8.9 |      46 |       1 |   2.1
   Spider:4 |    5911 |   15174 |  72.0 |      19 |      42 |  68.9
    Slime:1 |   19063 |       0 |   0.0 |      37 |       0 |   0.0
    Slime:2 |   13932 |       0 |   0.0 |      31 |       0 |   0.0
    Slime:3 |   12949 |       0 |   0.0 |      39 |       0 |   0.0
    Slime:4 |   10209 |       0 |   0.0 |      20 |       0 |   0.0
    Slime:5 |   11992 |   35558 |  74.8 |      20 |      15 |  42.9
      Orc:1 |    3408 |    9976 |  74.5 |      36 |      22 |  37.9
      Orc:2 |     395 |    5813 |  93.6 |       7 |      48 |  87.3
      Elf:1 |   15102 |    5918 |  28.2 |      30 |       9 |  23.1
      Elf:2 |   14451 |   19621 |  57.6 |      25 |      29 |  53.7
      Elf:3 |   19714 |   52387 |  72.7 |      36 |      59 |  62.1
   Vaults:1 |   42842 |   25946 |  37.7 |      89 |      60 |  40.3
   Vaults:2 |     487 |   21299 |  97.8 |       2 |      34 |  94.4
   Vaults:3 |   25826 |   33009 |  56.1 |      48 |      43 |  47.3
   Vaults:4 |   13584 |   52339 |  79.4 |      22 |      55 |  71.4
   Vaults:5 |   28036 |   71822 |  71.9 |      47 |      61 |  56.5
    Crypt:1 |   32376 |       0 |   0.0 |      62 |       0 |   0.0
    Crypt:2 |   22864 |   29647 |  56.5 |      42 |      40 |  48.8
    Crypt:3 |       0 |   55544 | 100.0 |       0 |      92 | 100.0
   Depths:1 |   46249 |       0 |   0.0 |      67 |       0 |   0.0
   Depths:2 |   49212 |   12573 |  20.3 |      66 |      20 |  23.3
   Depths:3 |   35283 |   68385 |  66.0 |      53 |      65 |  55.1
   Depths:4 |   38028 |   27643 |  42.1 |      47 |      21 |  30.9
   Depths:5 |   47943 |   31613 |  39.7 |      53 |      24 |  31.2
       Hell |   27378 |   44437 |  61.9 |      34 |      57 |  62.6
      Geh:1 |   17527 |       0 |   0.0 |      50 |       0 |   0.0
      Geh:2 |   13828 |    1946 |  12.3 |      29 |       4 |  12.1
      Tar:1 |   52139 |       0 |   0.0 |      78 |       0 |   0.0
      Tar:2 |   48723 |       0 |   0.0 |      79 |       0 |   0.0
      Tar:3 |   45944 |       0 |   0.0 |      92 |       0 |   0.0
      Tar:4 |   52880 |       0 |   0.0 |      63 |       0 |   0.0
      Tar:5 |    3292 |       0 |   0.0 |       1 |       0 |   0.0
      Tar:6 |   80391 |       0 |   0.0 |      85 |       0 |   0.0
      Tar:7 |   52689 |   83906 |  61.4 |      71 |      61 |  46.2
      Zot:1 |   35073 |   31226 |  47.1 |      24 |      21 |  46.7
      Zot:2 |   56591 |       0 |   0.0 |      33 |       0 |   0.0
      Zot:3 |   82073 |       0 |   0.0 |      56 |       0 |   0.0
      Zot:4 |   64939 |   18686 |  22.3 |      37 |      10 |  21.3
    Abyss:1 |   27838 |       0 |   0.0 |      57 |       0 |   0.0
    Abyss:2 |   87874 |       0 |   0.0 |     153 |       0 |   0.0
    Abyss:3 |   76608 |   19955 |  20.7 |     146 |      44 |  23.2
        Pan |  310097 |  271375 |  46.7 |     404 |     187 |  31.6
      IceCv |       0 |   10242 | 100.0 |       0 |      59 | 100.0
     WizLab |       0 |   18208 | 100.0 |       0 |      32 | 100.0
   Gauntlet |       0 |    4530 | 100.0 |       0 |      12 | 100.0
            +---------+---------+-------+---------+---------+-------
